 Dungeon Crawl Stone Soup version 0.30.1-9-gdf580d7c3d (webtiles) character file.

Game seed: 13430150694461961833

564 lonewolfV2 the Ducker (level 7, -1/52 HPs)
             Began as a Demonspawn Fighter on Oct 26, 2023.
             Frozen to death by an endoplasm (2 damage)
             ... on level 4 of the Dungeon.
             The game lasted 00:04:48 (3931 turns).

lonewolfV2 the Ducker (Demonspawn Fighter)          Turns: 3931, Time: 00:04:48

Health: -1/52      AC:  7    Str: 18    XL:     7   Next: 10%
Magic:  7/7        EV:  6    Int: 10    God:
Gold:   247        SH:  4    Dex: 12    Spells: 6/6 levels left

rFire   . . .        a - +0 war axe
rCold   . . .        c - +0 buckler
rNeg    . . .        t - +1 plate armour
rPois   .            (helmet restricted)
rElec   .            (no cloak)
rCorr   .            (no gloves)
SInv    +            (no boots)
Will    +....        (no amulet) Stlth
                     o - ring of willpower
HPRegen 0.28/turn    n - ring of see invisible
MPRegen 0.10/turn

%: no passive effects
@: corroded, sanguine armoured
A: horns 1, spiny 1, sanguine armour 1, demonic magic 1
a: no special abilities


You were on level 4 of the Dungeon.
You visited 1 branch of the dungeon, and saw 4 of its levels.

You collected 247 gold pieces.

Inventory:

Hand Weapons
 a - a +0 war axe (weapon)
Armour
 c - a +0 buckler (worn)
 t - a +1 plate armour (worn)
Jewellery
 i - a ring of protection from cold
 n - a ring of see invisible (right hand)
 o - a ring of willpower (left hand)
 q - a ring of willpower
Wands
 p - a wand of acid (14)
Scrolls
 b - 2 scrolls of identify
 e - a scroll of enchant weapon {unknown}
 h - 3 scrolls of magic mapping
 m - a scroll of fear
Potions
 d - a potion of might
 f - a potion of lignification {unknown}
 g - a potion of heal wounds
 j - 2 potions of magic {unknown}
 k - 2 potions of resistance {unknown}
 l - 5 potions of curing
 r - a potion of flight {unknown}
 s - a potion of attraction {unknown}


   Skills:
 - Level 3.0 Fighting
 - Level 1.7 Axes
 + Level 4.8 Armour
 * Level 5.5 Dodging
 - Level 2.6 Shields


You had 6 spell levels left.
You didn't know any spells.
Your spell library contained the following spells:

 Spells                   Type           Power      Damage    Failure   Level
 Summon Forest            Summ/Tloc      0%         N/A       100%        5
 Summon Mana Viper        Hex/Summ       0%         N/A       100%        5
 Summon Cactus Giant      Summ           0%         N/A       100%        6


Dungeon Overview and Level Annotations

Branches:
Dungeon (4/15)
 Temple: D:4-7

Altars:

Shops:
D:1 [


Innate Abilities, Weirdness & Mutations

You have a pair of small horns on your head.
You are partially covered in sharp spines.
When seriously injured, your blood forms armour. (AC +6)
Spells you cast may paralyse adjacent enemies.


Message History

You barely miss the jelly. Your headbutt misses the jelly.
The jelly is almost dead.
You block the jelly's attack. The jelly barely misses you.
You completely miss the jelly.
The jelly is almost dead.
You block the jelly's attack.
You hit the jelly.
You kill the jelly!
The endoplasm is struck by your spines.
The endoplasm hits you but does no damage.
You hit the endoplasm.
You kill the endoplasm!
You start resting.
An endoplasm comes into view.
An endoplasm is nearby!
An endoplasm is nearby!
An endoplasm is nearby!
You see here a +0 club.
You see here a +0 club.
You hit the endoplasm but do no damage. The endoplasm freezes you.
You are frozen.
* * * LOW HITPOINT WARNING * * *
The endoplasm freezes you.
You are frozen.
* * * LOW HITPOINT WARNING * * *
You hit the endoplasm but do no damage.
An endoplasm comes into view.
The endoplasm freezes you.
You are frozen.
* * * LOW HITPOINT WARNING * * *
You hit the endoplasm.
The endoplasm is moderately wounded.
An endoplasm comes into view.
The endoplasm freezes you.
You are frozen.
* * * LOW HITPOINT WARNING * * *
The endoplasm freezes you.
You are frozen.
You die...

####.#####.# #.#
........##.# #.#
........##.# #)#
........##.# #.#
........##.# #.#
####'#####.# #.# #####
...#.#####.#
##.###....
##.#.......# #######.#
#....'....
##.#######.###..@JJ.#
#..###....
...........##.########
#..# #....
##.######..###..'....#
#..# ##### #.#
#..######....# #..#
#.# #...##.......#
#..# #.#
#...##.......# #..#
#.# #...##.......#
#..# #.#
#...##.......# #..#
#.######...###...))##
#..#


You could see 2 endoplasms.

Vanquished Creatures
  A black bear (D:4)
  A phantom (D:4)
  A scorpion (D:4)
  2 jellies (D:4)
  A sleepcap (D:4)
  Ijyb (D:3)
  An orc wizard (D:3)
  A hound skeleton (D:3)
  A hound zombie (D:3)
  5 adders
  An adder zombie (D:3)
  A worm (D:3)
  5 dart slugs
  3 orcs (D:3)
  10 endoplasms
  6 giant cockroaches
  4 goblins
  9 hobgoblins
  12 jackals
  14 kobolds
  4 quokkas
  3 ball pythons
  12 bats
  2 frilled lizards
  A giant cockroach zombie (D:3)
  A quokka skeleton (D:3)
  A quokka zombie (D:3)
  4 rats (D:1)
108 creatures vanquished.

Notes
Turn   | Place    | Note
-------+----------+-------------------------------------------
     0 | D:1      | lonewolfV2 the Demonspawn Fighter began the quest for the
                  | Orb.
     0 | D:1      | Reached XP level 1. HP: 18/18 MP: 1/1
    22 | D:1      | Found Rogial Syfe's Antique Armour Shop.
   113 | D:1      | Reached skill level 1 in Dodging
   123 | D:1      | Gained mutation: You are partially covered in sharp spines.
                  | [demonic ancestry]
   123 | D:1      | Reached XP level 2. HP: 11/24 MP: 2/2
   356 | D:1      | You fall into a shaft and drop 1 floor!
   400 | D:2      | Reached XP level 3. HP: 28/29 MP: 3/3
   401 | D:2      | Reached skill level 2 in Dodging
  1738 | D:3      | Gained mutation: Spells you cast may paralyse adjacent
                  | enemies. [demonic ancestry]
  1738 | D:3      | Reached XP level 4. HP: 29/35 MP: 4/4
  1914 | D:3      | Reached skill level 3 in Dodging
  2085 | D:3      | Gained mutation: You have a pair of small horns on your
                  | head. [demonic ancestry]
  2085 | D:3      | Reached XP level 5. HP: 41/41 MP: 5/5
  2127 | D:3      | HP: 1/41 [poisoned by an orc wizard]
  2348 | D:3      | Noticed Ijyb
  2358 | D:3      | Killed Ijyb
  2359 | D:3      | Reached skill level 4 in Dodging
  2838 | D:3      | Found a faded altar of an unknown god.
  3041 | D:4      | Noticed a black bear
  3053 | D:4      | Killed a black bear
  3054 | D:4      | Reached XP level 6. HP: 26/47 MP: 6/6
  3158 | D:4      | Reached skill level 5 in Dodging
  3901 | D:4      | Gained mutation: When seriously injured, your blood forms
                  | armour. (AC +6) [demonic ancestry]
  3901 | D:4      | Reached XP level 7. HP: 23/52 MP: 7/7
  3931 | D:4      | HP: 1/52 [frozen (3)]
  3931 | D:4      | Frozen to death by an endoplasm

Illustrated notes

Levels and vault maps discovered:
D:1:      eino_arrival_druids_welcome, layout_basic, serial_shops,
          nicolae_shop_advertising_works [nicolae_subvault_shop_adworks]
D:2:      layout_basic
D:3:      layout_loops_ring, serial_undead, serial_undead_a, serial_undead_d,
          serial_undead_d, serial_undead_f,
          dreamdust_ecumenical_altar_hidden_monk_grotto, uniq_ijyb
D:4:      cheibrodos_fertilizer, layout_basic

Skill      XL: |  1  2  3  4  5  6 |
---------------+-------------------+-----
Dodging        | 1 2 3 4 5 |  5.5
Armour         | 3 4 |  4.8
Fighting       | |  3.0
Axes           | |  1.7
Shields        | |  2.6

Action                     |  1- 3 |  4- 6 |  7- 9 || total
---------------------------+-------+-------+-------++-------
  Melee: War axe           |    91 |   118 |    15 ||   224
         Headbutt          |       |    17 |     2 ||    19
    Use: Scroll            |       |     7 |       ||     7
         Potion            |       |     3 |       ||     3
 Armour: Scale mail        |    47 |    30 |       ||    77
         Plate armour      |       |    40 |     3 ||    43
  Dodge: Dodged            |    48 |    55 |     4 ||   107
  Block: Buckler           |    20 |    32 |     6 ||    58
